 Dungeon Crawl Stone Soup version 0.27.1-4-g1640c2035a (webtiles) character file.

Game seed: 3206824861076290376

860 Urokeeper the Cutter (level 8, -2/50 HPs)
             Began as an Octopode Brigand on Nov 9, 2021.
             Slain by an adder (5 damage)
             ... on level 6 of the Dungeon.
             The game lasted 00:20:17 (5215 turns).

Urokeeper the Cutter (Octopode Brigand)             Turns: 5215, Time: 00:20:18

Health: -2/50      AC: -11   Str: 10    XL:     8   Next: 2%
Magic:  8/8        EV: 17    Int: 14    God:
Gold:   138        SH:  0    Dex: 15    Spells: 7/7 levels left

rFire    . . .     SeeInvis .   t - +3 quick blade (elec)
rCold    . . .     Faith    .   (no shield)
rNeg     . . .     Spirit   .   (helmet restricted)
rPois    .         Reflect  .   (no amulet)
rElec    .         Harm     .   i - +4 ring of evasion
rCorr    .         Rampage  .   (no ring)
Will     .....                  (no ring)
Stlth    ++++......             (no ring)
HPRegen  0.16/turn              (no ring)
MPRegen  0.11/turn              (no ring)
                                (no ring)
                                (no ring)

@: mighty, corroded
A: almost no armour, amphibious, 8 rings, camouflage 1, gelatinous body 1,
(nimble swimmer 1), tentacles
a: no special abilities


You were on level 6 of the Dungeon.
You visited 1 branch of the dungeon, and saw 6 of its levels.

You collected 184 gold pieces.
You spent 46 gold pieces at shops.

Inventory:

Hand Weapons
 d - the +6 arbalest "Elosigutt" {penet, rPois rF+}
   (You acquired it on level 3 of the Dungeon)

   Any ammunition fired by it passes through the targets it hits, potentially
   hitting all targets in its path until it reaches maximum range.
   rF:        It protects you from fire.
   rPois:     It protects you from poison.
 m - a +0 long sword
 t - a +3 quick blade of electrocution (weapon)
Missiles
 a - 28 bolts
 b - 18 poisoned darts
 c - 2 curare-tipped darts (quivered)
 e - 2 throwing nets
Jewellery
 i - a +4 ring of evasion (left tentacle)
Wands
 o - a wand of mindburst (11)
 s - a wand of iceblast (6)
Scrolls
 f - 5 scrolls of immolation
 l - a scroll of enchant armour
 n - 2 scrolls of torment {unknown}
 p - 2 scrolls of magic mapping {unknown}
 q - a scroll of holy word
 r - a scroll of amnesia {unknown}
 w - a scroll of teleportation
Potions
 g - 2 potions of berserk rage {unknown}
 h - a potion of resistance {unknown}
 j - 2 potions of curing {unknown}
 k - 3 potions of might
 u - a potion of mutation {unknown}
 v - a potion of flight {unknown}
 x - a potion of heal wounds {unknown}


   Skills:
 + Level 2.1 Fighting
 - Level 7.5(8.0) Short Blades
 - Level 3.5(6.0) Long Blades
 + Level 0.3 Crossbows
 - Level 2.0 Throwing
 + Level 1.1 Dodging
 - Level 6.4 Stealth


You had 7 spell levels left.
You didn't know any spells.
Your spell library contained the following spells:

 Spells                   Type           Power      Damage    Failure   Level
 Corpse Rot               Necr/Air       N/A        N/A       41%         2
 Poisonous Vapours        Pois/Air       0%         N/A       41%         2
 Ozocubu's Armour         Ice            0%         N/A       65%         3
 Tukima's Dance           Hex            0%         N/A       65%         3
 Dispel Undead            Necr           0%         3d6       96%         4
 Passage of Golubria      Tloc           N/A        N/A       96%         4
 Freezing Cloud           Conj/Ice/Air   0%         6-21      100%        5
 Metabolic Englaciation   Hex/Ice        0%         N/A       100%        5
 Yara's Violent Unravell  Hex/Tmut       0%         3d3       100%        5
 Death Channel            Necr           0%         N/A       100%        6
 Simulacrum               Ice/Necr       0%         N/A       100%        6


Dungeon Overview and Level Annotations

Branches:
Dungeon (6/15)
 Temple: D:4-7

Altars:
Ru

Shops:
D:3 ([   D:4 !

Annotations:
D:4 Menkaure
D:5 3 runed translucent doors, BeingJoeMalik's ghost, amateur DsGl; gabeu's ghost, novice MiGl


Innate Abilities, Weirdness & Mutations

You cannot wear most types of armour.
You are amphibious.
You can wear up to eight rings at the same time.
Your skin changes colour to match your surroundings (Stealth+).
Your rubbery body absorbs attacks. (AC +1, EV +1)
((You are camouflaged near water. (Stealth+)))
You have tentacles for arms and can constrict up to eight enemies at once.


Message History

The adder bites you. The adder misses you.
You barely miss the jelly. You hit the jelly.
Your tentacles burn!
The jelly is moderately wounded.
The jelly hits you. The acid corrodes you!
You are splashed with acid!
You hit the jelly. The acid corrodes you!
Your tentacles burn!
You squeeze the jelly, but do no damage.
The jelly is heavily wounded.
The adder barely misses you.
You hit the jelly but do no damage.
Your tentacles burn!
The jelly is heavily wounded.
You hit the jelly.
Your tentacles burn!
The jelly is heavily wounded.
The jelly barely misses you.
You hit the jelly but do no damage.
Your tentacles burn!
* * * LOW HITPOINT WARNING * * *
The jelly is heavily wounded.
The adder barely misses you.
You hit the jelly.
Your tentacles burn!
* * * LOW HITPOINT WARNING * * *
You squeeze the jelly.
The jelly is severely wounded.
You hit the jelly. The acid corrodes you!
Your tentacles burn!
* * * LOW HITPOINT WARNING * * *
The jelly is severely wounded.
The adder bites you.
* * * LOW HITPOINT WARNING * * *
The jelly misses you.
You hit the jelly but do no damage.
Your tentacles burn!
* * * LOW HITPOINT WARNING * * *
You squeeze the jelly.
You kill the jelly!
Training target 8.0 for Short Blades reached!
You need to enable at least one skill for training.
You have reached level 8!
It was a potion of might.
You feel very mighty all of a sudden. The adder bites you.
You die...

#.# #....#.#
#.# #....#.#
#.# #....#.#
#########...#.#
≈≈≈≈≈≈.†##
######..# ##.#
#S# #@# #.# #.#
#.# ... #.. #..
#..#


You could see an adder.

Vanquished Creatures
  Sigmund (D:4)
  Purgy (D:4)
  Blork the orc (D:4)
  A wyvern zombie (D:5)
  A water moccasin skeleton (D:4)
  3 hounds
  2 jellies
  A gnoll shaman (D:5)
  Ijyb (D:3)
  7 gnolls
  7 adders
  2 dart slugs
  2 worms (D:4)
  11 orcs
  4 ball pythons
  8 bats
  4 endoplasms
  6 giant cockroaches
  6 goblins
  8 hobgoblins
  4 jackals (D:2)
  10 kobolds
  4 quokkas
  6 frilled lizards
  6 rats
107 creatures vanquished.

Vanquished Creatures (others)
  4 withered plants (D:5)
4 creatures vanquished.

Grand Total: 111 creatures vanquished

Notes
Turn   | Place    | Note
-------+----------+-------------------------------------------
     0 | D:1      | Urokeeper the Octopode Brigand began the quest for the Orb.
     0 | D:1      | Reached XP level 1. HP: 14/14 MP: 1/1
    38 | D:1      | Reached skill level 1 in Long Blades
    43 | D:1      | Reached XP level 2. HP: 4/19 MP: 2/2
   703 | D:1      | Reached XP level 3. HP: 24/24 MP: 3/3
  1665 | D:2      | Reached XP level 4. HP: 29/29 MP: 4/4
  1937 | D:3      | Found a faded altar of an unknown god.
  2160 | D:3      | Found Ylalag's Weapon Shoppe.
  2177 | D:3      | Noticed Ijyb
  2181 | D:3      | Killed Ijyb
  2428 | D:3      | Found Iroehesh's Antique Armour Emporium.
  2616 | D:3      | Identified 2 scrolls of acquirement
  2616 | D:3      | Acquired a +3 quick blade
  2619 | D:3      | Acquired the +6 arbalest "Elosigutt" {penet, rPois rF+}
  2684 | D:3      | Bought 21 bolts for 46 gold pieces
  2718 | D:4      | Reached XP level 5. HP: 34/34 MP: 5/5
  2732 | D:4      | Reached skill level 3 in Short Blades
  3029 | D:4      | Found Onor's Distillery.
  3048 | D:4      | Noticed Blork the orc
  3055 | D:4      | Killed Blork the orc
  3056 | D:4      | Reached skill level 4 in Short Blades
  3056 | D:4      | Reached XP level 6. HP: 21/39 MP: 6/6
  3323 | D:4      | Found a sacrificial altar of Ru.
  3371 | D:4      | Noticed Purgy
  3388 | D:4      | Killed Purgy
  3389 | D:4      | Reached skill level 5 in Short Blades
  3566 | D:4      | Reached XP level 7. HP: 45/45 MP: 7/7
  3697 | D:4      | Noticed Sigmund
  3709 | D:4      | Killed Sigmund
  3710 | D:4      | Reached skill level 6 in Short Blades
  3768 | D:4      | Noticed Menkaure
  3915 | D:5      | Entered Level 5 of the Dungeon
  4353 | D:5      | Found a runed translucent gate.
  4355 | D:5      | Found a runed translucent gate.
  4356 | D:5      | Found a runed translucent gate.
  4461 | D:5      | Reached skill level 7 in Short Blades
  4981 | D:5      | Noticed BeingJoeMalik's ghost (amateur DsGl)
  4981 | D:5      | Noticed gabeu's ghost (novice MiGl)
  5214 | D:6      | HP: 2/45 [acid (1)]
  5215 | D:6      | Reached XP level 8. HP: 3/50 MP: 8/8
  5215 | D:6      | Slain by an adder

Illustrated notes

Levels and vault maps discovered:
D:1:      matt_arrival_spirals, layout_loops_ring
D:2:      layout_loops_cross
D:3:      layout_loops_corners, hellmonk_ecumenical_altar_inner_sanctum,
          serial_shops, shop, shop, uniq_ijyb
D:4:      layout_basic, nicolae_ru_awakened_eye, minmay_temple_entry_nine_rooms,
          serial_shops, nicolae_shop_trees, kennysheep_generic_room_15,
          uniq_sigmund, uniq_purgy, uniq_blork_the_orc, uniq_grinder,
          uniq_menkaure
D:5:      layout_loops_corners, gammafunk_ghost_cemetery, serial_bayou_lagoon_b
D:6:      layout_basic, portal_sewer_entry_d, minmay_stone_trees_small,
          minmay_small_thing

Skill      XL: |  1  2  3  4  5  6  7 |
---------------+----------------------+-----
Long Blades    | 1 2 3 |  3.5
Stealth        | 6 |  6.4
Short Blades   | 4 5 7 |  7.5
Fighting       | |  2.1
Crossbows      | |  0.3
Throwing       | |  2.0
Dodging        | |  1.1

Action                   |  1- 3 |  4- 6 |  7- 9 || total
-------------------------+-------+-------+-------++-------
Melee: Dagger            |    79 |    22 |       ||   101
       Constrict         |    15 |     5 |     4 ||    24
       Tentacles         |     8 |     7 |    11 ||    26
       Quick blade       |       |    21 |    49 ||    70
 Fire: Arbalest          |       |    24 |     8 ||    32
Throw: Dart              |       |     2 |     1 ||     3
Evoke: Wand              |       |     2 |       ||     2
  Use: Scroll            |       |     4 |     6 ||    10
       Potion            |       |       |     1 ||     1
 Stab: Sleeping          |    13 |    17 |     7 ||    37
Armor: Skin              |     8 |     1 |       ||     9
Dodge: Dodged            |    60 |    32 |    19 ||   111
